 Dungeon Crawl Stone Soup version 0.16.2-12-gd0ad4c3 (webtiles) character file.

56 dvd the Sneak (level 3, -4/25 HPs)
             Began as a Vampire Enchanter on Sept 16, 2015.
             Slain by Robin
             ... wielding a +0 club
              (5 damage)
             ... on level 2 of the Dungeon.
             The game lasted 00:09:37 (1618 turns).

dvd the Sneak (Vampire Enchanter)                   Turns: 1618, Time: 00:09:37

Health: -4/25      AC:  4    Str:  7    XL:     3   Next: 69%
Magic:  1/6        EV: 13    Int: 23    God:
Gold:   54         SH:  0    Dex: 14    Spells: 3 memorised, 2 levels left

rFire  . . .     SeeInvis +     a - +1 dagger
rCold  . . .     Clarity  .     b - +1 robe
rNeg   + . .     SustAb   .     (no shield)
rPois  .         Gourm    .     j - +0 helmet
rElec  .         Spirit   .     (no cloak)
rCorr  .         Warding  .     (no gloves)
rMut   .         Stasis   .     (no boots)
MR     .....                    (no amulet)
Stlth  +++.......               (no ring)
                                (no ring)

@: brilliant, very slightly contaminated, hasted, very quick, not resistant to
hostile enchantments, fairly stealthy
A: bottle blood, fangs 3, see invisible, unbreathing
a: Bat Form


You were on level 2 of the Dungeon.
You were not thirsty.

You visited 1 branch of the dungeon, and saw 2 of its levels.

You collected 54 gold pieces.

Inventory:

Hand weapons
 a - a +1 dagger (weapon)
 f - a +0 short sword
Armour
 b - a +1 robe (worn)
 j - a +0 helmet (worn)
Scrolls
 g - a scroll of recharging {unknown}
 h - 2 scrolls of fear {unknown}
 k - a scroll of identify {unknown}
 l - a scroll of enchant armour {unknown}
Potions
 d - 5 potions of blood
Books
 c - a book of Maledictions

   Spells                             Type                      Level
   a - Corona                         Hexes                        1
   b - Sure Blade                     Hexes/Charms                 2
   c - Ensorcelled Hibernation        Hexes/Ice                    2
   d - Confuse                        Hexes                        3
   e - Dazzling Spray                 Conjuration/Hexes            3
   f - Enslavement                    Hexes                        4


   Skills:
 + Level 0.3 Fighting
 + Level 1.2 Short Blades
 + Level 2.5 Dodging
 + Level 5.3 Stealth
 + Level 2.6 Spellcasting
 + Level 4.8 Hexes
 + Level 0.4 Ice Magic


You had 2 spell levels left.
You knew the following spells:

 Your Spells              Type           Power        Failure   Level  Hunger
a - Corona                Hex            #####..      1%          1    None
b - Ensorcelled Hibernat  Hex/Ice        ####..       1%          2    ##.....
c - Sure Blade            Hex/Chrm       ####......   1%          2    ##.....


Dungeon Overview and Level Annotations

Branches:
Dungeon (2/15)

Altars:

Annotations:
D:2 Robin


Innate Abilities, Weirdness & Mutations

You can bottle blood from corpses.
You have razor-sharp teeth.
You have supernaturally acute eyesight.
You can survive without breathing.


Message History

Okay, then.
Drink which item? (? for menu, Esc to quit)
It was a potion of brilliance.
You feel clever all of a sudden. The goblin closely misses you.
Robin hits you but does no damage.
Drink which item? (? for menu, Esc to quit)
It was a potion of haste.
You feel yourself speed up.
You are very lightly contaminated with residual magic.
You hit Robin but do no damage.
Robin is almost dead.
Robin closely misses you. The goblin completely misses you.
You hit Robin but do no damage.
Robin is almost dead.
You hit Robin but do no damage.
Robin is almost dead.
Robin completely misses you. The goblin barely misses you.
You hit Robin but do no damage.
Robin is almost dead.
Robin hits you with a club.
You die...

.....# #.## ##..#
.....####.###.#.#
...........#.##.#
.#...#####...##.##
...### #......>#
.#.##### #.##....#
.#.........##.##.#
.#.........##.##g#
.(.........##.##@#
.........(.##.##g#
#.#.....g..g.....#
#.#.......###.####
#.# .#.. #.# #)# #
#.# )..# #.# #.##
?.# ##. ###


You could see Robin and a goblin (frenzied).

Vanquished Creatures
  2 adders (D:2)
  4 giant cockroaches
  7 hobgoblins
  2 jackals (D:2)
  3 kobolds
  A ball python (D:1)
  2 bats (D:2)
  5 giant newts
  6 goblins
  4 rats (D:1)
36 creatures vanquished.

Notes
Turn   | Place    | Note
--------------------------------------------------------------
     0 | D:1      | dvd, the Vampire Enchanter, began the quest for the Orb.
     0 | D:1      | Reached XP level 1. HP: 13/13 MP: 3/3
   385 | D:1      | Reached XP level 2. HP: 19/19 MP: 2/4
   527 | D:1      | Reached skill level 5 in Stealth
   538 | D:1      | Learned a level 2 spell: Ensorcelled Hibernation
   541 | D:1      | Learned a level 2 spell: Sure Blade
   850 | D:2      | Noticed Robin
  1184 | D:2      | Reached XP level 3. HP: 23/25 MP: 3/6
  1612 | D:2      | HP: 1/25 [Robin/club (2)]
  1618 | D:2      | Slain by Robin

Action                   || total
-------------------------++-------
Melee: Dagger            ||   101
 Cast: Corona            ||    13
       Ensorcelled Hiber ||    13
       Sure Blade        ||     3
  Use: Potion            ||     2
 Stab: Sleeping          ||    15
  Eat: Corpse            ||     5
